 Dungeon Crawl Stone Soup version 0.29-a0-251-g80730f7218 (webtiles) character file.

Game seed: 18023773478438940378

216433 jt the Champion of Chaos (level 18, -6/175 HPs)
             Began as a Deep Dwarf Hunter on Mar 5, 2022.
             Was the Champion of Makhleb.
             Mangled by a +6 vorpal war axe (17 damage)
             ... animated by Zenata
             ... on level 1 of the Vaults on Mar 6, 2022.
             The game lasted 02:21:38 (32975 turns).

jt the Champion of Chaos (Deep Dwarf Hunter)       Turns: 32975, Time: 02:21:39

Health: -6/175     AC: 29    Str: 24    XL:     18   Next: 36%
Magic:  0/0        EV: 11    Int: 10    God:    Makhleb [******]
Gold:   251        SH:  5    Dex: 13    Spells: 21/21 levels left

rFire   + . .      SeeInvis +   u - +1 battleaxe (vamp)
rCold   + . .      Faith    .   (shield currently unavailable)
rNeg    + + .      Spirit   .   c - +2 plate armour {rF+}
rPois   +          Reflect  +   Z - +2 helmet {SInv}
rElec   .          Harm     .   F - +1 cloak
rCorr   .          Rampage  +   o - +2 pair of gloves {Str+3}
Will    ++...                   N - +2 pair of boots {rampage}
Stlth   ..........              g - amulet of reflection
HPRegen 0.00/turn               w - ring of protection from fire
MPRegen 0.07/turn               q - ring "Adustybu" {Ice rPois rN+ Int-5 Slay+2}

@: lethally poisoned (-6 -> -6), about to teleport, marked
A: damage resistance, heal wounds, negative energy resistance 1, sense
surroundings 3, no regeneration
}: 1/15 runes: serpentine
a: Heal Wounds, Renounce Religion, Minor Destruction, Lesser Servant of Makhleb,
Major Destruction, Greater Servant of Makhleb


You were on level 1 of the Vaults.
You worshipped Makhleb.
Makhleb was exalted by your worship.
You visited 8 branches of the dungeon, and saw 33 of its levels.
You also visited: Bailey, Ice Cave and Volcano.

You collected 3295 gold pieces.
You spent 3044 gold pieces at shops.

Inventory:

Hand Weapons
 a - a +7 broad axe of venom
 b - a +1 trident of flaming
 t - a +0 demon trident of venom
 u - a +1 vampiric battleaxe (weapon)
Missiles
 n - 25 poisoned darts (quivered)
 z - 4 throwing nets
 H - 13 silver javelins
 O - 7 curare-tipped darts
Armour
 c - a +2 plate armour of fire resistance (worn)
 f - a scarf of resistance
 o - a +2 pair of gloves of strength (worn)
 F - a +1 cloak (worn)
 K - the +0 plate armour "Binluo" {+Inv Will+ Dex-5}
   (You bought it in a shop on level 2 of the Orcish Mines)

   Dex:       It affects your dexterity (-5).
   +Inv:      It lets you turn invisible.
   Will:      It increases your willpower.
 L - +2 swamp dragon scales
 N - a +2 pair of boots of rampaging (worn)
 V - +0 fire dragon scales
 Z - a +2 helmet of see invisible (worn)
Jewellery
 e - a ring of flight
 g - an amulet of reflection (around neck)
 l - a ring of protection from cold
 p - a ring of magical power
 q - the ring "Adustybu" (right hand) {Ice rPois rN+ Int-5 Slay+2}
   (You found it in an ice cave)

   [ring of ice]

   It enhances your ice magic.
   Int:       It affects your intelligence (-5).
   Slay:      It affects your accuracy & damage with ranged weapons and melee
   (+2).
   rF:        It makes you vulnerable to fire.
   rC:        It protects you from cold.
   rPois:     It protects you from poison.
   rN:        It protects you from negative energy.
 v - a ring of resist corrosion
 w - a ring of protection from fire (left hand)
 A - a ring of protection from fire
 D - a +4 ring of evasion
 G - a ring of poison resistance
 M - a ring of willpower
 T - a ring of protection from cold
Wands
 i - a wand of iceblast (1)
 r - a wand of digging (6)
 E - a wand of flame (76)
Scrolls
 j - 9 scrolls of teleportation
 k - 2 scrolls of silence
 m - 2 scrolls of enchant armour
 x - a scroll of amnesia
 B - 5 scrolls of magic mapping
 Q - 3 scrolls of fog
 X - 4 scrolls of fear
 Y - 5 scrolls of immolation
Potions
 d - 10 potions of brilliance
 h - a potion of magic
 I - 8 potions of curing
 J - 3 potions of mutation
Miscellaneous
 y - a phial of floods
 S - a box of beasts


   Skills:
 - Level 14.1 Fighting
 - Level 8.0 Short Blades
 + Level 12.4 Axes
 - Level 11.5 Slings
 + Level 10.2 Armour
 - Level 9.9 Dodging
 - Level 1.2 Stealth
 - Level 8.2 Shields
 - Level 2.0 Spellcasting
 + Level 21.8 Invocations
 - Level 13.5 Evocations


You had 21 spell levels left.
You didn't know any spells.
Your spell library contained the following spells:

 Spells                   Type           Power      Damage    Failure   Level
 Freeze                   Ice            4%         1d3       98%         1
 Sandblast                Erth           2%         2d4       98%         1
 Shock                    Conj/Air       4%         1d3       98%         1
 Passwall                 Tmut/Erth      0%         N/A       99%         2
 Scorch                   Fire           2%         2d5       99%         2
 Static Discharge         Conj/Air       1%         N/A       99%         2
 Sublimation of Blood     Necr           1%         N/A       99%         2
 Confusing Touch          Hex            1%         N/A       100%        3
 Conjure Flame            Conj/Fire      1%         6-21      100%        3
 Dazzling Flash           Conj/Hex       2%         N/A       100%        3
 Ignite Poison            Fire/Tmut/Pois 1%         N/A       100%        3
 Ozocubu's Armour         Ice            1%         N/A       100%        3
 Stone Arrow              Conj/Erth      2%         3d7       100%        3
 Swiftness                Air            1%         N/A       100%        3
 Airstrike                Air            0%         N/A       100%        4
 Animate Armour           Summ/Erth      2%         N/A       100%        4
 Dispel Undead            Necr           1%         3d6       100%        4
 Flame Wave               Conj/Fire      1%         2d4       100%        4
 Iskenderun's Mystic Bla  Conj/Tloc      1%         2d3       100%        4
 Petrify                  Tmut/Erth      1%         N/A       100%        4
 Sticky Flame             Conj/Fire      1%         2d3       100%        4
 Blade Hands              Tmut           0%         N/A       100%        5
 Excruciating Wounds      Necr           0%         N/A       100%        5
 Irradiate                Conj/Tmut      0%         3d13      100%        5
 Summon Forest            Summ/Tloc      0%         N/A       100%        5
 Summon Mana Viper        Hex/Summ       1%         N/A       100%        5
 Yara's Violent Unravell  Hex/Tmut       0%         3d3       100%        5
 Death Channel            Necr           0%         N/A       100%        6
 Iron Shot                Conj/Erth      0%         9d1       100%        6
 Starburst                Conj/Fire      0%         6d3       100%        6
 Summon Cactus Giant      Summ           0%         N/A       100%        6
 Dragon Form              Tmut           0%         N/A       100%        7
 Enfeeble                 Hex            0%         N/A       100%        7
 Infestation              Necr           0%         N/A       100%        8
 Polar Vortex             Ice            0%         N/A       100%        9


Dungeon Overview and Level Annotations

Branches:
Dungeon (15/15)            Temple (1/1) D:4            Lair (6/6) D:8
  Swamp (2/4) Lair:4        Snake (4/4) Lair:3          Orc (2/2) D:9
    Elf (0/3) Orc:2        Vaults (2/5) D:14         Depths (1/4) D:15
 Bailey (visited)           IceCv (visited)         Volcano (visited)
  Slime: Lair:5-6     Crypt: Vaults:2-3

Altars:
Ashenzari
Cheibriados
Dithmenos
Elyvilon
Fedhas
Gozag
Hepliaklqana
Kikubaaqudgha
Makhleb
Nemelex Xobeh
Okawaru
Qazlal
Ru
Sif Muna
Trog
Uskayaw
Vehumet
Wu Jian
Xom
Yredelemnul
Zin
The Shining One
Beogh

Shops:
D:3 [   D:8 (*   D:12 [   D:13 !   D:15 *   Orc:2 =*([   Snake:2 :(
Snake:4 ==:   Depths:1 [[

Portals:
Trove: D:15 (give +2 gold dragon scales)

Annotations:
D:13 exclusion: 2 doors
Lair:5 exclusion: 2 oklob plants
Lair:6 anonymous's ghost, journeyman DEEE
Orc:2 3 runed translucent doors, ma3's ghost, journeyman GnCK
Vaults:1 Zenata


Innate Abilities, Weirdness & Mutations

You are resistant to damage.
You can heal yourself by infusing magical energy.
You resist negative energy. (rN+)
You passively map a large area around you.
You do not regenerate.


Message History

The +2 hand axe of venom hits you but does no damage.
An ironbound thunderhulk comes into view.
It is wielding a +0 dire flail.
Your surroundings seem slightly different.
The +2 hand axe of venom hits you.
The +2 dire flail of protection hits you!
The +2 hand axe of venom hits you but does no damage.
The enormous slime creature hits you!!!
* * * LOW HITPOINT WARNING * * *
The +2 mace of holy wrath hits you.
* * * LOW HITPOINT WARNING * * *
The +2 dire flail of protection hits you.
Press: ? - help, v - describe, . - travel
Here: a +6 vorpal war axe (summoned, fast)
The floor.
The +2 hand axe of venom hits you but does no damage.
An enormous slime creature splits.
The +2 dire flail of protection closely misses you.
The +2 mace of holy wrath completely misses you.
The +2 hand axe of venom hits you.
You are more poisoned.
The +6 vorpal war axe hits you!
* * * LOW HITPOINT WARNING * * *
x2
Okay, then.
Unknown command.
You don't have enough innate magic capacity.
Press: ? - help, v - describe, . - travel The floor.
Okay, then.
Save game and exit?
Level annotation: Zenata Welcome back, jt the Deep Dwarf Hunter.
Blood and souls for Makhleb!
Press ? for a list of commands and other information.
As you read the scroll of teleportation, it crumbles to dust.
You feel strangely unstable.
The +2 dire flail of protection completely misses you.
The +2 mace of holy wrath hits you but does no damage.
The +2 hand axe of venom hits you but does no damage.
The +6 vorpal war axe hits you!!
You die...

########
#......#
#..(...#
#..(@..#
#..((..#
#.JJ((.#
#......#
#####'#######**
#....a.......,,
, ,
#............ ,
#....######## ,
#....#,, *,,


You could see Zenata, 2 large slime creatures and 6 dancing weapons.

Vanquished Creatures
  2 sphinxes (Depths:1)
  3 nagarajas
  A frost giant (Depths:1)
  An orc warlord (Bailey)
  A stone giant (Depths:1)
  An eleionoma (Swamp:2)
  2 dire elephants (Lair:6)
  An ettin (D:15)
  A fire dragon (Depths:1)
  2 jiangshi (Depths:1)
  4 salamander tyrants (Snake:4)
  A vault guard (D:15)
  5 hydras
  An ice dragon (Depths:1)
  Harold (Lair:1)
  3 boulder beetles
  A ghost crab (Swamp:2)
  11 naga warriors
  A catoblepas (Lair:6)
  3 alligators
  5 centaur warriors
  A death knight (D:14)
  A two-headed ogre (D:13)
  14 anacondas
  6 death yaks (Lair:6)
  2 tengu warriors (D:15)
  Urug (D:11)
  An orc high priest (Orc:2)
  11 naga sharpshooters
  3 shock serpents
  A vampire mage (Depths:1)
  Amaemon (Lair:2)
  4 skeletal warriors
  A goliath frog (Swamp:1)
  9 salamander mystics
  A swamp dragon (Swamp:2)
  3 deep trolls
  A spectral death yak (Lair:6)
  A wizard (D:15)
  A spectral anaconda (Lair:6)
  2 bog bodies (Lair:4)
  An obsidian statue (Lair:6)
  3 harpies (Vaults:1)
  8 orc knights
  7 naga ritualists
  6 lindwurms
  5 necromancers
  9 mana vipers
  13 ugly things
  16 salamanders
  2 orc sorcerers
  2 manticores
  5 cyclopes
  A dire elephant zombie (Lair:6)
  A faun (Snake:1)
  12 elephants (Lair:6)
  54 black mambas
  9 guardian serpents
  Joseph (D:7)
  An orange demon (Lair:2)
  11 cane toads
  A smoke demon (Volcano)
  A vault sentinel (Vaults:1)
  22 naga magi
  An unseen horror (D:13)
  Maggie (D:7)
  3 gargoyles
  2 rime drakes
  An ice statue (IceCv)
  Psyche (D:8)
  10 komodo dragons
  4 yaktaurs (Vaults:1)
  A kobold demonologist (D:9)
  A freezing wraith (D:14)
  14 ice devils (IceCv)
  A tengu conjurer (D:15)
  2 red devils (Volcano)
  4 entropy weaver simulacra (IceCv)
  A polar bear (Lair:2)
  A queen bee (D:10)
  2 trolls
  A tyrant leech (Swamp:1)
  Grinder (D:4)
  A hornet (D:9)
  A tarantella (shapeshifter) (D:15)
  12 blink frogs
  Prince Ribbit (D:9)
  13 slime creatures
  Sigmund (D:4)
  3 shadows
  3 wraiths
  60 yaks
  A spriggan (shapeshifter) (D:13)
  A water elemental (Depths:1)
  3 vampires
  3 wyverns
  2 dire elephant simulacra (IceCv)
  5 fire bats (Volcano)
  2 basilisks
  16 humans
  13 vampire mosquitoes
  5 death yak simulacra
  2 swamp worms
  A harpy simulacrum (IceCv)
  Menkaure (D:7)
  48 nagas
  2 wargs (Orc:1)
  13 water moccasins
  A hell hound (Volcano)
  A floating eye (D:14)
  2 ice beasts
  2 sky beasts (D:6)
  33 orc warriors
  A black bear (D:7)
  3 elephant zombies (Lair:6)
  10 ogres
  10 centaurs
  15 wolves
  2 elephant skeletons (Lair:6)
  A gnoll sergeant (D:6)
  Blork the orc (D:6)
  7 bullfrogs
  4 scorpions
  12 wights
  4 cane toad simulacra
  8 elephant simulacra
  An electric eel (Lair:4)
  5 lava snakes (Volcano)
  2 howler monkeys
  4 hounds
  3 jellies
  3 gnoll shamans
  15 orc priests
  8 iguanas
  24 orc wizards
  A spriggan simulacrum (IceCv)
  A troll simulacrum (IceCv)
  2 polar bear simulacra (IceCv)
  4 wolf simulacra (IceCv)
  A naga simulacrum (IceCv)
  23 gnolls
  8 adders
  3 shadow imps (D:3)
  4 white imps
  6 ufetubi
  3 worms
  A dart slug (D:1)
  74 orcs
  3 bats
  7 endoplasms
  3 giant cockroaches
  18 goblins
  23 hobgoblins
  8 jackals
  6 quokkas
  4 ball pythons
  5 frilled lizards
  9 kobolds
  6 rats
  A spectral orc (D:3)
978 creatures vanquished.

Vanquished Creatures (collateral kills)
  Agnes (Snake:4)
  A dire elephant (Lair:6)
  A shock serpent (Snake:4)
  A naga sharpshooter (Snake:4)
  A skeletal warrior (D:11)
  A salamander mystic (Snake:4)
  A naga ritualist (Snake:2)
  2 orc sorcerers (Orc:2)
  2 mana vipers
  3 salamanders (Snake:4)
  5 black mambas
  A naga (Snake:2)
  An orc warrior (D:11)
  3 orcs
24 creatures vanquished.

Vanquished Creatures (others)
  An anaconda (Snake:4)
  A shock serpent (Snake:2)
  A black mamba (Snake:1)
  A fire bat (Volcano)
  Robin (D:3)
  3 bushes (Lair:6)
  30 fungi
  33 plants
  23 withered plants (Lair:6)
94 creatures vanquished.

Grand Total: 1096 creatures vanquished

Notes
Turn   | Place    | Note
-------+----------+-------------------------------------------
     0 | D:1      | jt the Deep Dwarf Hunter began the quest for the Orb.
     0 | D:1      | Reached XP level 1. HP: 19/19 MP: 1/1
   153 | D:1      | Reached XP level 2. HP: 26/26 MP: 2/2
   482 | D:1      | Reached XP level 3. HP: 25/32 MP: 4/4
   697 | D:1      | Reached skill level 1 in Short Blades
   697 | D:1      | Reached skill level 1 in Spellcasting
   801 | D:2      | Found a radiant altar of Vehumet.
   971 | D:2      | Reached XP level 4. HP: 29/40 MP: 4/6
  1272 | D:2      | Reached skill level 5 in Slings
  1320 | D:2      | Identified the +12 short sword "Fug Soul" {holy, Fragile
                  | Fly rPois Stlth+}
  1490 | D:3      | Reached XP level 5. HP: 35/48 MP: 7/7
  1528 | D:3      | Found a hazy altar of Hepliaklqana.
  1645 | D:3      | Found a transporter.
  1648 | D:3      | Found a transporter.
  1666 | D:3      | Noticed Robin
  1698 | D:3      | Killed Robin
  1871 | D:3      | Found Cuer's Armour Emporium.
  2347 | D:4      | Noticed a wyvern
  2402 | D:4      | Found a white marble altar of Elyvilon.
  2413 | D:4      | Noticed Sigmund
  2519 | D:4      | Noticed Grinder
  2535 | D:4      | Reached XP level 6. HP: 42/56 MP: 9/9
  2681 | D:5      | Entered Level 5 of the Dungeon
  2793 | D:5      | Reached XP level 7. HP: 54/64 MP: 9/9
  3207 | D:5      | Found a burning altar of Makhleb.
  3210 | D:5      | Found a stormy altar of Qazlal.
  3214 | D:5      | Found a glowing silver altar of Zin.
  3215 | D:5      | Found a hide-covered altar of Uskayaw.
  3216 | D:5      | Found a shimmering blue altar of Sif Muna.
  3216 | D:5      | Found a glowing golden altar of the Shining One.
  3218 | D:5      | Found a radiant altar of Vehumet.
  3221 | D:5      | Found an ancient bone altar of Kikubaaqudgha.
  3232 | D:5      | Became a worshipper of Makhleb the Destroyer
  3598 | D:5      | Found a blossoming altar of Fedhas.
  3675 | D:6      | Reached skill level 5 in Fighting
  3722 | D:6      | Reached XP level 8. HP: 25/74 MP: 9/9
  4285 | D:6      | Reached * piety under Makhleb
  4415 | D:6      | Noticed a six-headed hydra
  4444 | D:6      | Noticed a gargoyle
  4533 | D:6      | Noticed Blork the orc
  4550 | D:6      | Killed Blork the orc
  4605 | D:6      | Killed a gargoyle
  4606 | D:6      | Gained mutation: You passively map the area around you.
                  | [Deep Dwarf growth]
  4606 | D:6      | Reached XP level 9. HP: 58/86 MP: 6/6
  4779 | D:7      | Noticed Menkaure
  4781 | D:7      | Noticed Joseph
  4784 | D:7      | Killed Menkaure
  4805 | D:7      | Killed Joseph
  4806 | D:7      | Reached skill level 10 in Slings
  5225 | D:7      | Reached XP level 10. HP: 46/95 MP: 7/7
  5298 | D:7      | Reached ** piety under Makhleb
  5352 | D:7      | Noticed Maggie
  5375 | D:7      | Killed Maggie
  5678 | D:8      | Found a staircase to the Lair.
  5727 | D:8      | Found Jidwicki's Fire Supplies.
  6049 | D:8      | Found Gotaky's Antique Weapon Emporium.
  6076 | D:8      | Noticed Psyche
  6093 | D:8      | Killed Psyche
  6913 | D:3      | Bought a +2 pair of boots of rampaging for 258 gold pieces
  6913 | D:3      | Bought a +2 buckler of protection for 258 gold pieces
  6963 | D:4      | Killed Grinder
  6964 | D:4      | Reached skill level 1 in Shields
  7001 | D:4      | Found a staircase to the Ecumenical Temple.
  7016 | Temple   | Entered the Ecumenical Temple
  7055 | D:4      | Reached skill level 5 in Short Blades
  7245 | D:4      | Killed Sigmund
  7449 | Lair:1   | Entered Level 1 of the Lair of Beasts
  7533 | Lair:1   | Noticed Harold
  7737 | Lair:1   | Reached skill level 10 in Fighting
  7971 | Lair:1   | Noticed a black mamba
  8009 | Lair:2   | Noticed a black mamba
  8018 | Lair:2   | Killed a black mamba
  8019 | Lair:2   | Reached XP level 11. HP: 43/110 MP: 5/5
  8109 | Lair:2   | Reached skill level 5 in Shields
  8284 | Lair:2   | Noticed Amaemon
  8376 | Lair:2   | Noticed a four-headed hydra
  8389 | Lair:2   | Killed a four-headed hydra
  8390 | Lair:2   | Reached skill level 1 in Evocations
  8401 | Lair:2   | Killed Amaemon
  8427 | Lair:2   | Identified the +1 long sword of Blood-Lust {antimagic,
                  | Drain Int+4 Dex+3}
  9169 | Lair:3   | Reached skill level 5 in Evocations
  9262 | Lair:3   | Reached *** piety under Makhleb
  9675 | Lair:3   | Noticed a six-headed hydra
  9679 | Lair:3   | Killed a six-headed hydra
  9680 | Lair:3   | Reached XP level 12. HP: 87/120 MP: 2/2
  9818 | Lair:3   | Found a staircase to the Snake Pit.
 10238 | Lair:4   | Found a frozen archway.
 10267 | IceCv    | Entered an ice cave
 10313 | IceCv    | Reached **** piety under Makhleb
 10513 | IceCv    | Found an ancient bone altar of Kikubaaqudgha.
 10747 | IceCv    | Reached skill level 10 in Evocations
 10939 | IceCv    | Identified the ring "Adustybu" {Ice rPois rN+ Int-5 Slay+2}
 10953 | IceCv    | Got the Handbook of the Dark Frostbite
 11066 | Lair:4   | Reached ***** piety under Makhleb
 11173 | Lair:4   | Reached XP level 13. HP: 69/133 MP: 2/2
 11939 | Lair:4   | Found a staircase to the Swamp.
 12541 | Lair:6   | Entered Level 6 of the Lair of Beasts
 12666 | Lair:6   | Reached skill level 1 in Armour
 12869 | Lair:6   | Found a shimmering blue altar of Sif Muna.
 13704 | D:9      | Found a flagged portal.
 13721 | Bailey   | Entered a bailey
 13850 | Bailey   | Reached skill level 1 in Invocations
 13873 | Bailey   | Noticed an orc warlord
 13910 | Bailey   | Killed an orc warlord
 13911 | Bailey   | Reached skill level 3 in Invocations
 13974 | Bailey   | Reached skill level 4 in Invocations
 14031 | Bailey   | Identified the +7 scimitar of Lies {venom, rPois}
 14148 | Bailey   | Reached skill level 1 in Axes
 14165 | Bailey   | Reached skill level 7 in Invocations
 14165 | Bailey   | Gained mutation: You resist negative energy. (rN+) [Deep
                  | Dwarf growth]
 14165 | Bailey   | Reached XP level 14. HP: 45/144 MP: 0/3
 14421 | D:9      | Reached ****** piety under Makhleb
 14422 | D:9      | Reached skill level 5 in Axes
 14550 | D:9      | Noticed Prince Ribbit
 14559 | D:9      | Killed Prince Ribbit
 14796 | D:9      | Found a staircase to the Orcish Mines.
 14806 | Orc:1    | Entered Level 1 of the Orcish Mines
 14861 | Orc:1    | Reached skill level 8 in Invocations
 15320 | Orc:2    | Entered Level 2 of the Orcish Mines
 15326 | Orc:2    | Found an iron altar of Okawaru.
 15371 | Orc:2    | Found a dark tunnel.
 15392 | Volcano  | Entered a volcano
 15507 | Volcano  | Reached XP level 15. HP: 113/151 MP: 4/4
 15525 | Volcano  | Reached skill level 9 in Invocations
 15602 | Volcano  | Found a bloodstained altar of Trog.
 15652 | Volcano  | Found a radiant altar of Vehumet.
 15735 | Orc:2    | Found a staircase to the Elven Halls.
 15848 | Orc:2    | Found a runed translucent gate.
 15849 | Orc:2    | Found a runed translucent gate.
 15849 | Orc:2    | Found a runed translucent gate.
 15851 | Orc:2    | Noticed ma3's ghost (journeyman GnCK)
 16062 | Orc:2    | Noticed an orc warlord
 16237 | Orc:1    | Reached skill level 10 in Invocations
 16396 | Orc:2    | Found Eddy's Jewellery Shop.
 16427 | Orc:2    | Found Uruhis's Antique Weapon Shop.
 16456 | Orc:2    | Found Tuowka Jaidgh's Antique Armour Shop.
 16471 | Orc:2    | Found Uqevitux's General Store.
 16478 | Orc:2    | Bought a potion of curing for 48 gold pieces
 16478 | Orc:2    | Bought a wand of paralysis (4) for 96 gold pieces
 16478 | Orc:2    | Bought 6 poisoned darts for 38 gold pieces
 16495 | Orc:2    | Bought a distressingly furry plate armour for 896 gold
                  | pieces
 16495 | Orc:2    | Identified the +0 plate armour "Binluo" {+Inv Will+ Dex-5}
                  | (You bought it in a shop on level 2 of the Orcish Mines)
 17000 | D:10     | Entered Level 10 of the Dungeon
 17802 | D:11     | Noticed Urug
 17811 | D:11     | Killed Urug
 18463 | Orc:2    | Bought an amulet of reflection for 510 gold pieces
 18929 | Lair:1   | Killed Harold
 19120 | Lair:6   | Reached skill level 11 in Invocations
 19167 | Lair:6   | Found a runed translucent door.
 19167 | Lair:6   | Noticed anonymous's ghost (journeyman DEEE)
 19529 | Lair:6   | Reached skill level 5 in Dodging
 20221 | Lair:6   | Reached skill level 5 in Armour
 21605 | D:12     | Reached skill level 12 in Invocations
 21812 | D:12     | Found Pidit's Armour Shoppe.
 22294 | D:13     | Reached skill level 13 in Invocations
 22300 | D:13     | Found Lefuuv's Distillery.
 22308 | D:13     | Bought a potion of ambrosia for 144 gold pieces
 22308 | D:13     | Bought a potion of haste for 180 gold pieces
 22933 | D:14     | Noticed Nessos
 22933 | D:14     | Found a gate to the Vaults.
 22934 | D:14     | Noticed Nessos
 22934 | D:14     | Nessos changed into Nessos the floating eye
 22935 | D:14     | Paralysed by Nessos for 3 turns
 22938 | D:14     | Killed Nessos the floating eye
 22952 | D:13     | Reached skill level 14 in Invocations
 22956 | D:13     | Reached XP level 16. HP: 82/159 MP: 3/3
 23142 | D:14     | Reached skill level 15 in Invocations
 23696 | D:15     | Entered Level 15 of the Dungeon
 23711 | D:15     | Found Xiycumme's Assorted Antiques.
 23723 | D:15     | Bought a glowing bone wand for 80 gold pieces
 24044 | D:15     | Reached skill level 16 in Invocations
 24052 | D:15     | Found a staircase to the Depths.
 24125 | D:15     | Found a portal to a secret trove of treasure.
 24412 | D:15     | Reached skill level 17 in Invocations
 24733 | Depths:1 | Entered Level 1 of the Depths
 24759 | Depths:1 | Found an ancient bone altar of Kikubaaqudgha.
 24827 | Depths:1 | Found Ronnuaw's Antique Armour Shop.
 24836 | Depths:1 | Bought a glowing helmet for 270 gold pieces
 24891 | Depths:1 | Found Nosaerin's Antique Armour Shop.
 25099 | Snake:1  | Entered Level 1 of the Snake Pit
 25387 | Snake:1  | Reached skill level 18 in Invocations
 25775 | Snake:2  | You fall into a shaft and drop 1 floor!
 25903 | Snake:3  | Reached skill level 19 in Invocations
 26017 | Snake:2  | Identified the +11 rapier "Ogre's Undoing" {freeze, rC+}
 26244 | Snake:2  | Found Gyel's Weapon Boutique.
 26328 | Snake:2  | Found Saefyco's Book Shop.
 26814 | Snake:1  | Reached skill level 20 in Invocations
 26824 | Snake:1  | Reached XP level 17. HP: 166/166 MP: 1/3
 27484 | Depths:1 | Bought a pair of scorched boots for 266 gold pieces
 27484 | Depths:1 | Identified the +0 pair of boots of the Orcish Mines {Harm
                  | rCorr Str+4 Dex-2} (You bought it in a shop on level 1 of
                  | the Depths)
 27544 | Depths:1 | Reached skill level 10 in Axes
 27663 | Depths:1 | Identified the +6 short sword "Beetle's Curse" {vorpal,
                  | rC++}
 27755 | Depths:1 | Noticed a quicksilver dragon
 27755 | Depths:1 | Noticed a walking frostbound tome
 28291 | Snake:3  | Identified the +1 robe of Compassion {rPois SInv}
 28498 | Snake:4  | Entered Level 4 of the Snake Pit
 28641 | Snake:4  | Noticed Agnes
 28767 | Snake:4  | Killed Agnes
 28944 | Snake:4  | Found Xaawuala's Book Shoppe.
 28944 | Snake:4  | Found Heannyt's Jewellery Boutique.
 28945 | Snake:4  | Found Evienu's Jewellery Boutique.
 29645 | Snake:4  | Reached skill level 21 in Invocations
 31284 | Snake:4  | Gained mutation: You passively map a large area around you.
                  | [Deep Dwarf growth]
 31284 | Snake:4  | Reached XP level 18. HP: 175/175 MP: 1/1
 31433 | Snake:4  | Got a serpentine rune of Zot
 32303 | Swamp:1  | Entered Level 1 of the Swamp
 32390 | Swamp:2  | Reached skill level 10 in Armour
 32705 | Vaults:1 | Entered Level 1 of the Vaults
 32909 | Vaults:1 | Noticed Zenata
 32975 | Vaults:1 | Mangled by a +6 vorpal war axe

Illustrated notes

Levels and vault maps discovered:
D:1:      shiori_arrival_oz, layout_loops_ring, grunt_decor_arrowhead
D:2:      kennysheep_six_static_rooms, layout_rooms, basic_altar,
          minmay_pentomino_t2
D:3:      gammafunk_wand_slinger, layout_basic,
          nicolae_hepliaklqana_monster_ancestors, serial_shops, shop, uniq_robin
D:4:      layout_rooms, mainiacjoe_overflow_small_starburst,
          minmay_temple_entry_gardened_gates, uniq_sigmund, uniq_grinder
D:5:      layout_loops_ring, minitemple, lemuel_round_altar, bh_walls_and_bars
D:6:      minmay_inner_zag, layout_basic, minmay_microvault, uniq_blork_the_orc
D:7:      layout_gridville, minmay_joined_circles, uniq_menkaure, uniq_maggie,
          uniq_joseph
D:8:      layout_layer_cave, lair_entry_dummy, serial_shops, shop,
          nicolae_shop_fire_sale [nicolae_sub_dead_trees], uniq_psyche
D:9:      layout_roguey, david_orc_4, enter_bailey_2, uniq_prince_ribbit1
D:10:     layout_long_grid
D:11:     layout_layer_cave, uniq_urug
D:12:     layout_loops_ring, serial_shops, shop
D:13:     layout_irregular_city, serial_shops, nicolae_shop_statue_plus,
          nicolae_elevator_lobby_asterisk
D:14:     layout_grid_maze, david_vaults_3, nicolae_cairo_tiling_large
D:15:     hangedman_depths_entry_civil_slaughter, layout_basic, serial_shops,
          nicolae_shop_overgrown_old_shop, minmay_misc_feat_doors, enter_trove_5
Temple:   minmay_freezing_vapour_temple
Lair:1:   layout_gridlike, nicolae_quartered_pool_little, grunt_megastairs_3,
          serial_bayou_shore_a, serial_bayou_shore_b, uniq_harold
Lair:2:   layout_chaotic_city, chequers_serial_rivers_room_a, uniq_amaemon
Lair:3:   layout_small_grid, minmay_snake_entry_guardpost_medium, st_stairs_4,
          bh_autumn_forest_stairs
Lair:4:   layout_cave_shapes, nicolae_swamp_entry_splash_gauntlet,
          portal_ice_cave_entry_pillars_2
Lair:5:   layout_regular_city, minmay_slime_entry_oklob_enclosed, minivault_25
Lair:6:   due_jungle_book, layout_regular_city, gammafunk_ghost_grave,
          basic_altar, minmay_hedge_maze, st_stairs_6, minivault_25
Swamp:1:  layout_basic_swamp, evilmike_swamp_ruin_house_3
Swamp:2:  layout_falls_marsh, evilmike_swamp_ruin_house_2
Snake:1:  layout_misc_corridors, hangedman_venom_bottle
Snake:2:  layout_cave_pods, serial_shops, nicolae_lakefront_shop, shop,
          nicolae_snake_gridmaze_spiral
Snake:3:  layout_concentric_octagons
Snake:4:  snake_pit_salamanders_mu, layout_misc_corridors, minmay_shop_grove,
          grunt_megastairs_2, lemuel_fruit_tree, uniq_agnes
Orc:1:    layout_caves
Orc:2:    grunt_orc_cross, layout_caves, gammafunk_ghost_necromancy,
          nicolae_volcano_entry_lava_flow, okawaru_metal_pillars_1_2
Vaults:1: v_rooms_4, grunt_vaults_hallway_short, vaults_dpeg_ring,
          nicolae_vaults_little_squares_3, v_pattern_4, vaults_mumra_hexcomb,
          nicolae_vaults_mini_display_case, layout_vaults_omnibox, uniq_zenata
Vaults:2: ontoclasm_vaults_claustrophobia, vaults_dpeg_cross, st_cells,
          nicolae_vaults_ninety_degrees, vaults_room_boxed,
          hangedman_vaults_maws, layout_vaults_quadrants
Depths:1: layout_small_grid, hell_entry, kiku_gazebo_pond_becter, serial_shops,
          nicolae_lakefront_shop, kennysheep_mini_moat, kennysheep_mini,
          nicolae_shop_trees, nicolae_rejected_hall

Skill      XL: |  1  2  3  4  5  6  7  8  9 10 11 12 13 14 15 16 17 18 |
---------------+-------------------------------------------------------+-----
Fighting       | 2 3 4 5 7 8 10 11 13 14 | 14.1
Short Blades   | 1 2 3 4 6 8 |  8.0
Spellcasting   | 1 2 |  2.0
Slings         | 5 6 7 9 11 | 11.5
Shields        | 4 6 8 |  8.2
Evocations     | 6 11 13 | 13.5
Armour         | 3 5 9 10 | 10.2
Dodging        | 3 5 6 9 |  9.9
Invocations    | 7 8 14 20 21 | 21.8
Axes           | 4 6 9 11 12 | 12.4
Stealth        | |  1.2

Action                   |  1- 3 |  4- 6 |  7- 9 | 10-12 | 13-15 | 16-18 || total
-------------------------+-------+-------+-------+-------+-------+-------++-------
Melee: Short sword       |   103 |   258 |   430 |   885 |  1584 |       ||  3260
       Punch             |     2 |       |     6 |       |       |       ||     8
       Broad axe         |       |       |       |       |   183 |   514 ||   697
       Battleaxe         |       |       |       |       |       |  1169 ||  1169
 Fire: Hunting sling     |    59 |   100 |    67 |       |       |       ||   226
Throw: Dart              |       |       |    12 |    24 |    69 |     2 ||   107
       Boomerang         |       |       |     4 |     2 |     2 |       ||     8
       Javelin           |       |       |     2 |       |     5 |     4 ||    11
       Throwing net      |       |       |       |       |     1 |       ||     1
Invok: Lesser Servant of |       |       |       |       |     5 |     5 ||    10
       Minor Destruction |       |       |       |       |       |     1 ||     1
       Greater Servant o |       |       |       |       |       |     1 ||     1
 Abil: Heal Wounds       |       |     1 |    15 |    29 |    41 |    39 ||   125
Evoke: Wand              |       |     3 |     8 |    19 |    33 |    22 ||    85
       Box of beasts     |       |       |       |       |     1 |     2 ||     3
       Phial of floods   |       |       |       |       |     1 |       ||     1
  Use: Potion            |       |     1 |     4 |     5 |     6 |    15 ||    31
       Scroll            |       |     6 |     1 |     8 |    17 |    17 ||    49
 Stab: Invisible         |       |       |     1 |       |       |       ||     1
       Sleeping          |       |       |     1 |     2 |    10 |       ||    13
       Paralysed         |       |       |       |       |    15 |    27 ||    42
       Held in net/web   |       |       |       |       |     1 |       ||     1
       Distracted        |       |       |       |       |     1 |     1 ||     2
Armor: Leather armour    |     9 |       |       |       |       |       ||     9
       Ring mail         |    44 |   162 |   183 |       |       |       ||   389
       Swamp dragon scal |       |       |       |   301 |   703 |   797 ||  1801
       Skin              |       |       |       |    18 |       |       ||    18
       Plate armour      |       |       |       |       |       |   443 ||   443
Dodge: Dodged            |    93 |   208 |   282 |   323 |   634 |  1116 ||  2656
Block: Buckler           |       |       |       |   214 |   663 |   394 ||  1271
       Reflection        |       |       |       |       |     6 |    43 ||    49
       Other             |       |       |       |       |       |   383 ||   383

Table legend: (Time is in decaauts)
 A = Elapsed time spent in this place.
 B = Non-inter-level travel time spent in this place.
 C = Inter-level travel time spent in this place.
 D = Time resting spent in this place.
 E = Time spent auto-exploring this place.
 F = Levels seen in this place.
 G = Mean time per level.
                   A        B        C        D        E       F      G
               +--------+--------+--------+--------+--------+-----+--------+
         Total |  32665 |  29495 |   3170 |   1236 |  13902 |  36 |  907.4 |
       Dungeon |  14469 |  12876 |   1593 |     51 |   7840 |  15 |  964.6 |
        Temple |      1 |      1 |      0 |      0 |      0 |   1 |    1.0 |
          Lair |   7540 |   6649 |    891 |    170 |   3346 |   6 | 1256.7 |
         Swamp |    198 |    185 |     13 |      0 |      0 |   2 |   99.0 |
     Snake Pit |   6451 |   6053 |    398 |    859 |   1911 |   4 | 1612.8 |
  Orcish Mines |   1680 |   1518 |    162 |      0 |    423 |   2 |  840.0 |
        Vaults |    273 |    273 |      0 |     49 |     42 |   2 |  136.5 |
        Depths |    515 |    406 |    109 |      0 |     81 |   1 |  515.0 |
        Bailey |    552 |    552 |      0 |      0 |     56 |   1 |  552.0 |
      Ice Cave |    699 |    699 |      0 |    100 |    146 |   1 |  699.0 |
       Volcano |    282 |    282 |      0 |      6 |     57 |   1 |  282.0 |
               +--------+--------+--------+--------+--------+-----+--------+

Top non-repeatable levels by time:
 Snake:4: 2793 daAuts
  Lair:6: 1785 daAuts
    D:11: 1629 daAuts
  Lair:4: 1510 daAuts
     D:8: 1448 daAuts
 Snake:2: 1389 daAuts
  Lair:3: 1286 daAuts
 Snake:1: 1198 daAuts
     D:6: 1147 daAuts
    D:15: 1134 daAuts
     D:3: 1083 daAuts
 Snake:3: 1069 daAuts
     D:5: 1062 daAuts
  Lair:5: 1008 daAuts
  Lair:2: 992 daAuts
